 Dungeon Crawl Stone Soup version 0.28.0 (webtiles) character file.

Game seed: 18365428126410231171

78 croobank the Sneak (level 4, 0/24 HPs)
             Began as a Kobold Earth Elementalist on Feb 18, 2022.
             Slain by an orc (4 damage)
             ... on level 3 of the Dungeon.
             The game lasted 00:09:38 (3809 turns).

croobank the Sneak (Kobold Earth Elementalist)      Turns: 3809, Time: 00:09:39

Health: 0/24       AC:  2    Str:  5    XL:     4   Next: 61%
Magic:  7/8        EV: 15    Int: 18    God:
Gold:   114        SH:  0    Dex: 15    Spells: 2/8 levels left

rFire   + . .      SeeInvis .   a - staff of fire
rCold   + . .      Faith    .   (shield currently unavailable)
rNeg    . . .      Spirit   .   k - +0 robe
rPois   .          Reflect  .   (no helmet)
rElec   .          Harm     .   (no cloak)
rCorr   .          Rampage  .   (no gloves)
Will    .....                   (no boots)
Stlth   +++.......              (no amulet)
HPRegen 0.08/turn               d - ring of protection from cold
MPRegen 0.11/turn               (no ring)

@: no status effects
A: small, no large weapons, nightstalker 3
a: no special abilities


You were on level 3 of the Dungeon.
You visited 1 branch of the dungeon, and saw 3 of its levels.

You collected 114 gold pieces.

Inventory:

Hand Weapons
 b - a +0 hunting sling
 f - a +0 flail
 n - a +0 fustibalus
Missiles
 c - 56 stones
 i - 30 sling bullets
 m - 3 poisoned darts
Armour
 g - a +0 ring mail
 k - a +0 robe (worn)
 l - a +0 leather armour
Magical Staves
 a - a staff of fire (weapon)
Jewellery
 d - a ring of protection from cold (left hand)
Scrolls
 e - 2 scrolls of identify
 h - 2 scrolls of enchant armour
Potions
 j - a potion of brilliance


   Skills:
 + Level 3.1 Dodging
 + Level 3.8 Stealth
 + Level 2.7 Spellcasting
 + Level 2.0 Transmutations
 + Level 3.4 Earth Magic


You had 2 spell levels left.
You knew the following spells:

 Your Spells              Type           Power      Damage    Failure   Level
a - Sandblast             Erth           28%        2d8       4%          1
b - Stone Arrow           Conj/Erth      16%        3d8       26%         3
c - Passwall              Tmut/Erth      10%        N/A       9%          2

Your spell library contained the following spells:

 Spells                   Type           Power      Damage    Failure   Level
 Animate Skeleton         Necr           4%         N/A       17%         1
 Apportation              Tloc           4%         N/A       17%         1
 Summon Small Mammal      Summ           8%         N/A       17%         1
 Petrify                  Tmut/Erth      12%        N/A       47%         4


Dungeon Overview and Level Annotations

Branches:
Dungeon (3/15)

Altars:

Annotations:
D:3 Ijyb


Innate Abilities, Weirdness & Mutations

You are small and have problems with some larger weapons.
You are completely attuned to the shadows.


Message History

You hit the ball python.
You kill the ball python!
An orc comes into view. It is wielding a +0 dagger.
Casting: Passwall (safe; 9% risk of failure)
Confirm with . or Enter, or press ? or * to list all spells.
Aiming: Sandblast (safe; 4% risk of failure)
Press: ? - help, Shift-Dir - straight line, f - orc
Aim: an orc, wielding a +0 dagger, wearing a +0 chain mail and quivering stones (wandering, hasn't noticed you, 85% to hit)
The blast of sand hits the orc but does no damage.
The orc shouts!
You hear a shout!
The orc barely misses you.
Casting: Sandblast (safe; 4% risk of failure)
Confirm with . or Enter, or press ? or * to list all spells.
Aiming: Sandblast (safe; 4% risk of failure)
Press: ? - help, Shift-Dir - straight line, f/p - orc
Aim: an orc, wielding a +0 dagger, wearing a +0 chain mail and quivering stones (85% to hit)
The blast of sand misses the orc.
The orc closely misses you.
You hit the orc but do no damage. The orc hits you with a +0 dagger.
An orc comes into view. It is wielding a +0 whip.
You hit the orc.
The orc is heavily wounded.
The orc barely misses you.
You hit the orc but do no damage.
The orc is heavily wounded.
The orc hits you with a +0 dagger.
You hit the orc.
The orc is heavily wounded.
The orc completely misses you. The orc hits you with a +0 dagger.
The orc drinks a potion.
The orc seems to speed up.
You hit the orc but do no damage.
The orc is heavily wounded.
The orc hits you with a +0 dagger. The orc hits you with a +0 whip.
* * * LOW HITPOINT WARNING * * *
The orc hits you with a +0 dagger.
* * * LOW HITPOINT WARNING * * *
Okay, then.
Okay, then.
The orc misses you. The orc barely misses you. The orc hits you with a +0 whip.
You die...

.###.#.#.#.######.........
......................#.#.
.##..###.#.#..............
.........#.#.#######.#..##
.######.#.####.#.####
#.....
..............#.#... .#
######...#.#......#...##
.........#>....o........
....##..<......#@.......
#.#.##.#.....#...#....##
....##.......#####....#
#.#.######............#
........##.#.#####†####
#######.# .......# #.#.##
# .###.#.##### #....#.#
#.#.....# ##.####.#
#.#.....#


You could see an orc (fast).

Vanquished Creatures
  An adder (D:2)
  3 dart slugs (D:1)
  2 orcs (D:3)
  8 ball pythons
  3 bats
  4 endoplasms
  4 giant cockroaches
  6 goblins
  6 hobgoblins
  2 jackals (D:1)
  3 quokkas
  4 frilled lizards (D:1)
  4 kobolds
  A quokka skeleton (D:3)
  5 rats
56 creatures vanquished.

Notes
Turn   | Place    | Note
-------+----------+-------------------------------------------
     0 | D:1      | croobank the Kobold Earth Elementalist began the quest for
                  | the Orb.
     0 | D:1      | Reached XP level 1. HP: 10/10 MP: 3/3
   363 | D:1      | Reached XP level 2. HP: 2/15 MP: 3/5
   899 | D:1      | Reached XP level 3. HP: 12/19 MP: 4/6
   903 | D:1      | Learned a level 3 spell: Stone Arrow
  1077 | D:1      | Learned a level 2 spell: Passwall
  2235 | D:2      | Reached XP level 4. HP: 24/24 MP: 4/7
  3098 | D:3      | Found a faded altar of an unknown god.
  3470 | D:3      | Noticed Ijyb
  3809 | D:3      | Slain by an orc

Illustrated notes

Levels and vault maps discovered:
D:1:      saegor_arrival_under_anarchy, layout_basic
D:2:      wad_crossroads, layout_basic
D:3:      layout_basic, lemuel_zombie_altar_yredelemnul, serial_glass,
          glass_columns_b, glass_columns_a, glass_columns_a, glass_columns_b,
          glass_columns_a, glass_columns_a, glass_columns_b, glass_columns_b,
          glass_columns_b, glass_columns_a,
          dreamdust_ecumenical_altar_angels_and_demons, uniq_ijyb

Skill      XL: |  1  2  3  4 |
---------------+-------------+-----
Stealth        | 3 |  3.8
Dodging        | 3 |  3.1
Transmutations | 2 |  2.0
Spellcasting   | |  2.7
Earth Magic    | |  3.4

Action                   |  1- 3 |  4- 6 || total
-------------------------+-------+-------++-------
Melee: Staff             |    71 |    43 ||   114
 Cast: Sandblast         |    32 |    14 ||    46
       Stone Arrow       |       |     1 ||     1
       Passwall          |       |     1 ||     1
  Use: Scroll            |       |     3 ||     3
       Potion            |       |     1 ||     1
 Stab: Sleeping          |     8 |     6 ||    14
Armor: Robe              |     8 |     4 ||    12
Dodge: Dodged            |    70 |    46 ||   116
